 Dungeon Crawl Stone Soup version 0.29.0-4-gdea44cf6ec (webtiles) character file.

Game seed: 9795656353788350013

2085 qw the Cleaver (level 9, -1/69 HPs)
             Began as a Demonspawn Cinder Acolyte on Sept 8, 2022.
             Was a Priest of Ignis.
             Slain by a komodo dragon (21 damage)
             ... on level 8 of the Dungeon.
             The game lasted 00:01:56 (6423 turns).

qw the Cleaver (Demonspawn Cinder Acolyte)          Turns: 6423, Time: 00:01:57

Health: -1/69      AC: 18    Str: 19    XL:     9   Next: 6%
Magic:  10/10      EV: 10    Int: 16    God:    Ignis [***...]
Gold:   326        SH:  0    Dex:  8    Spells: 10/10 levels left

rFire   + . .      SeeInvis +   k - +0 war axe (spect)
rCold   . . .      Faith    .   (no shield)
rNeg    . . .      Spirit   .   o - +0 plate armour
rPois   +          Reflect  .   (helmet restricted)
rElec   .          Harm     .   g - scarf {repulsion}
rCorr   .          Rampage  .   (no gloves)
Will    .....                   (boots unavailable)
Stlth   ..........              (no amulet)
HPRegen 0.21/turn               r - ring of poison resistance
MPRegen 0.12/turn               q - ring of see invisible

@: agile, fiery-armoured, repel missiles
A: hooves 3, horns 2, demonic guardian 1, powered by pain 1, demonic touch 1
a: Renounce Religion, Fiery Armour, Foxfire Swarm, Rising Flame


You were on level 8 of the Dungeon.
You worshipped Ignis.
Ignis was most pleased with you.
You visited 1 branch of the dungeon, and saw 8 of its levels.

You collected 475 gold pieces.
You spent 149 gold pieces at shops.


Innate Abilities, Weirdness & Mutations

You have hooves in place of feet.
You have a pair of horns on your head.
A weak demonic guardian rushes to your aid.
You sometimes gain a little power by taking damage.
Your touch may inflict minor irresistible damage on your foes.


   Skills:
 + Level 5.9 Fighting
 - Level 9.0 Axes
 - Level 3.0 Throwing
 - Level 3.1 Armour
 - Level 1.0 Dodging
 - Level 1.0 Spellcasting
 - Level 2.6 Fire Magic


You had 10 spell levels left.
You didn't know any spells.
Your spell library contained the following spells:

 Spells                   Type           Power      Damage    Failure   Level
 Scorch                   Fire           18%        2d5       99%         2

Inventory:

Hand Weapons
 a - a -1 hand axe of flaming
 k - a +0 spectral war axe (weapon)
Missiles
 f - 12 boomerangs
 j - a silver javelin (quivered)
Armour
 g - a scarf of repulsion (worn)
 o - a +0 plate armour (worn)
Jewellery
 q - a ring of see invisible (right hand)
 r - a ring of poison resistance (left hand)
 Y - a +4 ring of evasion
Scrolls
 c - a scroll of identify
 i - 4 scrolls of teleportation
Potions
 b - 5 potions of curing
 d - a potion of resistance
 h - 2 potions of mutation
 l - a potion of invisibility {unknown}
 m - a potion of haste
 n - a potion of cancellation {unknown}
 p - a potion of flight {unknown}

Dungeon Overview and Level Annotations

Branches:
Dungeon (8/15)             Temple (0/1) D:5
   Lair: D:8-11

Altars:
Ashenzari
Gozag
Kikubaaqudgha
Okawaru
Qazlal
Xom

Shops:
D:5 (

Annotations:
D:3 3 runed translucent doors, qw's ghost, amateur BaCK


Message History

You closely miss the komodo dragon.
You headbutt the komodo dragon, but do no damage.
Your touch misses the komodo dragon.
Your +0 spectral war axe hits the komodo dragon!
The komodo dragon bites you!
You hit the komodo dragon.
You kick the komodo dragon, but do no damage.
You headbutt the komodo dragon.
The komodo dragon is heavily wounded.
Your +0 spectral war axe hits the komodo dragon.
The komodo dragon bites your +0 spectral war axe.
Your spectral weapon shares its damage with you!
6253 ||| STAIRDANCE The komodo dragon barely misses you.
You climb upwards.
There is a stone staircase leading down here.
You start resting.
You feel a little less agile now.
HP restored.
Done exploring.
(D) Dungeon (T) Temple
Where to? (* - list waypoints, Enter - D:8, ? - help)
What level of the Dungeon? (default 1, ? - help)
You climb downwards.
The komodo dragon bites you!
You focus on the pain.
You feel agile all of a sudden.
There is a stone staircase leading up, spattered with blood here.
You barely miss the komodo dragon. Your kick misses the komodo dragon.
Your +0 spectral war axe hits the komodo dragon!
The komodo dragon bites you but does no damage.
You closely miss the komodo dragon. Your touch misses the komodo dragon.
The komodo dragon is lightly wounded.
Your +0 spectral war axe hits the komodo dragon.
The komodo dragon bites you!
A demonic guardian appears!
The komodo dragon bites you!!
6423 ||| INVOKING Fiery Armour.
A protective cloak of flame settles atop you.
Your white imp gestures at the komodo dragon.
The puff of frost hits the komodo dragon.
The komodo dragon bites you!!
You die...

######## ##......##
##........## #ยค.........#
#l5........# #@.........#
#..........#######
#.................
#########.........########
..............>...##
..)................# #####
...................# #....
.).................###....
...................#......


You could see a komodo dragon (ally target) and a friendly white imp (summoned).

Vanquished Creatures
  A hornet (D:7)
  2 steam dragons
  3 water moccasins
  An ice beast (D:7)
  A black bear (D:4)
  A centaur (D:7)
  3 phantoms
  A bullfrog (D:8)
  2 necrophages
  A scorpion (D:5)
  A howler monkey (D:4)
  3 hounds
  An orc priest (D:4)
  3 iguanas
  Ijyb (D:3)
  3 orc wizards
  7 gnolls
  5 adders
  A shadow imp (D:6)
  2 ufetubi (D:4)
  2 worms (D:2)
  3 dart slugs
  21 orcs
  9 ball pythons
  4 bats
  5 endoplasms
  7 goblins
  5 hobgoblins
  3 jackals (D:4)
  7 kobolds
  4 quokkas
  4 frilled lizards
  A rat (D:2)
118 creatures vanquished.

Vanquished Creatures (collateral kills)
  An adder (D:5)
1 creature vanquished.

Vanquished Creatures (others)
  19 fungi (D:8)
  27 plants (D:8)
46 creatures vanquished.

Grand Total: 165 creatures vanquished

Notes
Turn   | Place    | Note
-------+----------+-------------------------------------------
     0 | D:1      | qw the Demonspawn Cinder Acolyte began the quest for the
                  | Orb.
     0 | D:1      | Reached XP level 1. HP: 18/18 MP: 2/2
     0 | D:1      | 0 ||| qw: Version: 0.1-a-112-g44dc6cd
     0 | D:1      | 0 ||| qw: Game counter: 6854
     0 | D:1      | 0 ||| qw: Always use a shield: true
     0 | D:1      | 0 ||| qw: God list: Okawaru
     0 | D:1      | 0 ||| qw: Allow faded altars: false
     0 | D:1      | 0 ||| qw: Do Orc after D:15 true
     0 | D:1      | 0 ||| qw: Do second Lair branch before Depths: true
     0 | D:1      | 0 ||| qw: Lair rune preference: random
     0 | D:1      | 0 ||| qw: Plans: Normal
     0 | D:1      | 0 ||| PLANNING D:1-11
   124 | D:1      | Reached skill level 3 in Axes
   322 | D:1      | 322 ||| Stepping ~*~*~tactically~*~*~ (hiding).
   333 | D:1      | 333 ||| INVOKING Fiery Armour.
   338 | D:1      | Discovered your monstrous ancestry.
   338 | D:1      | Gained mutation: You have large cloven feet. [demonic
                  | ancestry]
   338 | D:1      | Reached XP level 2. HP: 8/24 MP: 3/3
   385 | D:1      | 385 ||| Stepping ~*~*~tactically~*~*~ (stealth).
  1048 | D:1      | 1048 ||| UPGRADING to +0 ring mail.
  1058 | D:1      | 1058 ||| DROPPING +0 robe.
  1059 | D:1      | 1059 ||| READING scroll labelled HAXKAM TASAN.
  1542 | D:2      | Gained mutation: Your touch may inflict minor irresistible
                  | damage on your foes. [demonic ancestry]
  1542 | D:2      | Reached XP level 3. HP: 29/29 MP: 4/4
  1627 | D:2      | 1627 ||| FLEEEEING.
  1628 | D:2      | 1628 ||| FLEEEEING.
  1629 | D:2      | 1629 ||| FLEEEEING.
  1630 | D:2      | 1630 ||| FLEEEEING.
  1631 | D:2      | 1631 ||| FLEEEEING.
  1632 | D:2      | 1632 ||| FLEEEEING.
  1633 | D:2      | 1633 ||| FLEEEEING.
  1634 | D:2      | 1634 ||| FLEEEEING.
  1635 | D:2      | 1635 ||| Stepping ~*~*~tactically~*~*~ (stealth).
  1636 | D:2      | 1636 ||| FLEEEEING.
  1637 | D:2      | 1637 ||| INVOKING Fiery Armour.
  1640 | D:2      | Reached skill level 4 in Axes
  1714 | D:2      | Found a faded altar of an unknown god.
  1911 | D:2      | 1911 ||| READING 2 scrolls labelled YMOEMIKE GEMUDAXT.
  1914 | D:2      | 1914 ||| READING 2 scrolls labelled RUIGOYBOEDA.
  1915 | D:2      | 1915 ||| READING scroll labelled OMEHOVOIQA.
  1916 | D:2      | 1916 ||| READING scroll labelled VETO MIKKAOB.
  1917 | D:2      | 1917 ||| DRINKING 2 coppery potions.
  1918 | D:2      | 1918 ||| DROPPING potion of attraction.
  1940 | D:3      | 1940 ||| STAIRDANCE
  1944 | D:3      | 1944 ||| STAIRDANCE
  1954 | D:2      | HP: 6/29 [orc wizard/puff of flame (4)]
  1955 | D:2      | 1955 ||| READING scroll of teleportation.
  1956 | D:2      | 1956 ||| INVOKING Fiery Armour.
  1958 | D:2      | Gained mutation: You have a pair of small horns on your
                  | head. [demonic ancestry]
  1958 | D:2      | Reached XP level 4. HP: 7/35 MP: 5/5
  2216 | D:3      | Found a runed translucent gate.
  2216 | D:3      | Found a runed translucent gate.
  2216 | D:3      | Found a runed translucent gate.
  2218 | D:3      | 2218 ||| Stepping ~*~*~tactically~*~*~ (stealth).
  2232 | D:3      | 2232 ||| STAIRDANCE
  2272 | D:3      | Reached skill level 5 in Axes
  2318 | D:3      | 2318 ||| Stepping ~*~*~tactically~*~*~ (stealth).
  2338 | D:3      | Reached skill level 1 in Dodging
  2359 | D:3      | 2359 ||| SWAPPING to +0 war axe.
  2392 | D:3      | Noticed qw's ghost (amateur BaCK)
  2407 | D:3      | Noticed Ijyb
  2408 | D:3      | 2408 ||| Stepping ~*~*~tactically~*~*~ (stealth).
  2409 | D:3      | 2409 ||| Stepping ~*~*~tactically~*~*~ (stealth).
  2411 | D:3      | 2411 ||| Stepping ~*~*~tactically~*~*~ (hiding).
  2414 | D:3      | 2414 ||| Stepping ~*~*~tactically~*~*~ (hiding).
  2425 | D:3      | Killed Ijyb
  2426 | D:3      | Gained mutation: You have a pair of horns on your head.
                  | [demonic ancestry]
  2426 | D:3      | Reached XP level 5. HP: 34/41 MP: 6/6
  2573 | D:3      | 2573 ||| Stepping ~*~*~tactically~*~*~ (stealth).
  2670 | D:3      | 2670 ||| Stepping ~*~*~tactically~*~*~ (stealth).
  2733 | D:3      | 2733 ||| UPGRADING to scarf of repulsion.
  2738 | D:3      | 2738 ||| UPGRADING to +1 ring mail of poison resistance.
  2748 | D:3      | 2748 ||| DROPPING +0 ring mail.
  2749 | D:3      | 2749 ||| READING scroll labelled MYDGHE GUGHUAS.
  2750 | D:3      | 2750 ||| DRINKING 3 blue potions.
  2787 | D:4      | 2787 ||| Stepping ~*~*~tactically~*~*~ (stealth).
  2789 | D:4      | 2789 ||| Stepping ~*~*~tactically~*~*~ (stealth).
  2790 | D:4      | 2790 ||| Stepping ~*~*~tactically~*~*~ (stealth).
  2792 | D:4      | 2792 ||| Stepping ~*~*~tactically~*~*~ (stealth).
  2798 | D:4      | 2798 ||| Stepping ~*~*~tactically~*~*~ (stealth).
  2799 | D:4      | 2799 ||| Stepping ~*~*~tactically~*~*~ (stealth).
  2984 | D:4      | Noticed a black bear
  2985 | D:4      | 2985 ||| Stepping ~*~*~tactically~*~*~ (stealth).
  2987 | D:4      | 2987 ||| INVOKING Fiery Armour.
  2991 | D:4      | Killed a black bear
  2992 | D:4      | Reached skill level 6 in Axes
  2992 | D:4      | Gained mutation: A weak demonic guardian rushes to your
                  | aid. [demonic ancestry]
  2992 | D:4      | Reached XP level 6. HP: 33/47 MP: 7/7
  2994 | D:4      | Reached skill level 1 in Armour
  3085 | D:4      | 3085 ||| DROPPING +2 hand axe of venom.
  3356 | D:4      | 3356 ||| Stepping ~*~*~tactically~*~*~ (hiding).
  3717 | D:4      | 3717 ||| UPGRADING to +0 chain mail.
  3727 | D:4      | 3727 ||| DROPPING +1 ring mail of poison resistance.
  3728 | D:4      | 3728 ||| READING scroll labelled MES WYBAXA.
  3729 | D:4      | 3729 ||| READING scroll labelled ULAGGO RUZI.
  3730 | D:4      | 3730 ||| READING scroll labelled XIMOGG VIFRADY.
  3731 | D:4      | 3731 ||| READING scroll labelled QUARYG HOAF.
  3732 | D:4      | 3732 ||| READING 2 scrolls of identify.
  3732 | D:4      | 3732 ||| IDENTIFYING puce potion
  3747 | D:5      | Entered Level 5 of the Dungeon
  3750 | D:5      | 3750 ||| STAIRDANCE
  3902 | D:5      | Found Dawetzud's Antique Weapon Boutique.
  3907 | D:5      | Found a stormy altar of Qazlal.
  3910 | D:5      | Found a shimmering altar of Xom.
  3911 | D:5      | 3911 ||| BUYING glowing war axe (149 gold).
  3911 | D:5      | Bought a glowing war axe for 149 gold pieces
  3911 | D:5      | 3911 ||| DROPPING +0 war axe of electrocution.
  3918 | D:5      | Found an opulent altar of Gozag.
  3918 | D:5      | Found an iron altar of Okawaru.
  3972 | D:5      | Reached skill level 1 in Throwing
  3972 | D:5      | Gained mutation: You sometimes gain a little power by
                  | taking damage. [demonic ancestry]
  3972 | D:5      | Reached XP level 7. HP: 52/54 MP: 8/8
  4136 | D:5      | Found a staircase to the Ecumenical Temple.
  4207 | D:5      | Found a broken altar of Ashenzari.
  4464 | D:5      | 4464 ||| UPGRADING to +4 ring of evasion.
  4470 | D:5      | 4470 ||| UPGRADING to ring of see invisible.
  4471 | D:5      | 4471 ||| DRINKING 2 black potions.
  4472 | D:5      | 4472 ||| READING 3 scrolls of identify.
  4472 | D:5      | 4472 ||| IDENTIFYING viscous green potion
  4473 | D:5      | 4473 ||| READING 2 scrolls of identify.
  4473 | D:5      | 4473 ||| IDENTIFYING murky emerald potion
  4474 | D:5      | 4474 ||| DROPPING potion of ambrosia.
  4547 | D:6      | 4547 ||| Stepping ~*~*~tactically~*~*~ (stealth).
  4569 | D:6      | 4569 ||| Stepping ~*~*~tactically~*~*~ (stealth).
  4639 | D:6      | Found an ancient bone altar of Kikubaaqudgha.
  4704 | D:6      | 4704 ||| Stepping ~*~*~tactically~*~*~ (stealth).
  4705 | D:6      | Identified the +2 leather armour of Etoipag {Drain Str+5}
  4706 | D:6      | 4706 ||| Stepping ~*~*~tactically~*~*~ (hiding).
  4707 | D:6      | 4707 ||| Stepping ~*~*~tactically~*~*~ (hiding).
  4715 | D:6      | Reached skill level 7 in Axes
  4755 | D:6      | 4755 ||| Stepping ~*~*~tactically~*~*~ (stealth).
  5125 | D:6      | 5125 ||| UPGRADING to ring of poison resistance.
  5127 | D:6      | 5127 ||| READING 2 scrolls of identify.
  5127 | D:6      | 5127 ||| IDENTIFYING glowing dark potion
  5128 | D:6      | 5128 ||| DROPPING potion of magic.
  5163 | D:7      | 5163 ||| Stepping ~*~*~tactically~*~*~ (stealth).
  5176 | D:7      | 5176 ||| INVOKING Fiery Armour.
  5180 | D:7      | Gained mutation: You have hoof-like feet. [demonic
                  | ancestry]
  5180 | D:7      | Reached XP level 8. HP: 30/60 MP: 9/9
  5182 | D:7      | HP: 15/60 [poisoned by a water moccasin]
  5183 | D:7      | Reached skill level 8 in Axes
  5183 | D:7      | 5183 ||| FLEEEEING.
  5184 | D:7      | 5184 ||| FLEEEEING.
  5185 | D:7      | 5185 ||| FLEEEEING.
  5186 | D:7      | 5186 ||| FLEEEEING.
  5187 | D:7      | 5187 ||| FLEEEEING.
  5187 | D:7      | HP: 8/60 [poisoned by a water moccasin]
  5188 | D:7      | 5188 ||| FLEEEEING.
  5191 | D:7      | 5191 ||| FLEEEEING.
  5192 | D:7      | 5192 ||| FLEEEEING.
  5193 | D:7      | 5193 ||| FLEEEEING.
  5196 | D:7      | 5196 ||| FLEEEEING.
  5197 | D:7      | 5197 ||| STAIRDANCE
  5517 | D:7      | Noticed a hornet
  5521 | D:7      | Killed a hornet
  6097 | D:7      | 6097 ||| UPGRADING to +0 plate armour.
  6107 | D:7      | 6107 ||| DROPPING +0 chain mail.
  6166 | D:8      | Reached skill level 3 in Armour
  6190 | D:8      | Reached skill level 9 in Axes
  6191 | D:8      | Reached skill level 3 in Throwing
  6191 | D:8      | Gained mutation: You have hooves in place of feet. [demonic
                  | ancestry]
  6191 | D:8      | Reached XP level 9. HP: 60/68 MP: 10/10
  6193 | D:8      | Noticed a komodo dragon
  6197 | D:8      | 6197 ||| FLEEEEING.
  6198 | D:8      | 6198 ||| FLEEEEING.
  6199 | D:8      | 6199 ||| FLEEEEING.
  6200 | D:8      | 6200 ||| FLEEEEING.
  6201 | D:8      | 6201 ||| FLEEEEING.
  6202 | D:8      | 6202 ||| FLEEEEING.
  6203 | D:8      | 6203 ||| FLEEEEING.
  6204 | D:8      | 6204 ||| FLEEEEING.
  6205 | D:8      | 6205 ||| FLEEEEING.
  6206 | D:8      | 6206 ||| FLEEEEING.
  6207 | D:8      | 6207 ||| FLEEEEING.
  6208 | D:8      | 6208 ||| FLEEEEING.
  6209 | D:8      | 6209 ||| FLEEEEING.
  6210 | D:8      | 6210 ||| STAIRDANCE
  6253 | D:8      | 6253 ||| STAIRDANCE
  6423 | D:8      | 6423 ||| INVOKING Fiery Armour.
  6423 | D:8      | Slain by a komodo dragon

Levels and vault maps discovered:
D:1:      amcnicky_arrival_blooded_trapdoor, layout_basic, st_stairs_12
D:2:      layout_rooms, ebering_ecumenical_altar_webs, chequers_avenue,
          grunt_ministairs_9, minmay_shallow_snake_nest
D:3:      layout_rooms, gammafunk_ghost_icy, chequers_serial_rivers_room_b,
          uniq_ijyb
D:4:      layout_loops_ring
D:5:      layout_gridville, general_overflow_altar, grunt_temple_overflow_open,
          minmay_temple_entry_waves, serial_shops, shop,
          minmay_misc_feat_rugged, minmay_misc_feat_five
D:6:      layout_basic, mainiacjoe_overflow_concentric_impassable
D:7:      layout_basic, nicolae_sextant
D:8:      layout_rooms, dk_yredelemnul_ordeal, due_lair_maze_entry_diamond

Skill      XL: |  1  2  3  4  5  6  7  8 |
---------------+-------------------------+-----
Axes           | 3 4 5 6 7 9 |  9.0
Dodging        | 1 |  1.0
Armour         | 2 3 |  3.1
Fighting       | 4 5 |  5.9
Throwing       | 1 2 3 |  3.0
Spellcasting   | |  1.0
Fire Magic     | |  2.6

Action                   |  1- 3 |  4- 6 |  7- 9 || total
-------------------------+-------+-------+-------++-------
Melee: Hand axe          |    96 |    24 |       ||   120
       Kick              |    11 |    14 |    17 ||    42
       Punch             |     1 |     3 |       ||     4
       Touch             |     3 |    11 |     8 ||    22
       War axe           |       |    90 |    53 ||   143
       Headbutt          |       |     6 |    13 ||    19
Throw: Boomerang         |       |    18 |     2 ||    20
       Javelin           |       |     2 |    33 ||    35
Invok: Fiery Armour      |     3 |     1 |     2 ||     6
  Use: Scroll            |     6 |     6 |     3 ||    15
       Potion            |     1 |     1 |     1 ||     3
 Stab: Distracted        |       |       |     2 ||     2
Armor: Robe              |     2 |       |       ||     2
       Ring mail         |    19 |    37 |       ||    56
       Chain mail        |       |    12 |    13 ||    25
       Plate armour      |       |       |     2 ||     2
Dodge: Dodged            |    57 |    46 |    18 ||   121

Table legend:
 A = Non-vault XP
 B = Vault XP
 C = Vault XP percentage of total XP
 D = Non-vault monster count
 E = Vault monster count
 F = Vault count percentage of total count
                 A         B        C        D         E       F
            +---------+---------+-------+---------+---------+-------
      Total |    2523 |     456 |  15.3 |     107 |      12 |  10.1
            +---------+---------+-------+---------+---------+-------
        D:1 |      19 |       4 |  17.4 |       9 |       1 |  10.0
        D:2 |      69 |      22 |  24.2 |      16 |       7 |  30.4
        D:3 |      88 |      36 |  29.0 |      18 |       1 |   5.3
        D:4 |     360 |       0 |   0.0 |      26 |       0 |   0.0
        D:5 |     327 |       0 |   0.0 |      10 |       0 |   0.0
        D:6 |     382 |       0 |   0.0 |      13 |       0 |   0.0
        D:7 |    1106 |       0 |   0.0 |      14 |       0 |   0.0
        D:8 |     172 |     394 |  69.6 |       1 |       3 |  75.0
            +---------+---------+-------+---------+---------+-------
